 Dungeon Crawl Stone Soup version 0.31-a0-117-g42d8f58691 (webtiles) character file.

Game seed: 12022443207212812662

9882 Essalna the Zephyrmancer (level 11, -3/68 HPs)
             Began as a Tengu Air Elementalist on May 30, 2023.
             Was a Priest of Vehumet.
             Killed by their own static electricity (5 damage)
             ... on level 10 of the Dungeon on May 31, 2023.
             The game lasted 00:25:37 (12211 turns).

Essalna the Zephyrmancer (Tengu Air Elementalist)  Turns: 12211, Time: 00:25:38

Health: -3/68      AC:  6    Str: 11    XL:     11   Next: 53%
Magic:  5/38       EV: 18    Int: 22    God:    Vehumet [***...]
Gold:   608        SH:  0    Dex: 15    Spells: 9/20 levels left

rFire   . . .        e - +1 whip of Starshine {drain, MP+9 Str+2 Int+3}
rCold   . . .        (no shield)
rNeg    . . .        H - +0 troll leather armour
rPois   .            (helmet restricted)
rElec   .            n - +0 cloak
rCorr   .            (no gloves)
SInv    .            (boots unavailable)
Will    .....        (no amulet)
Stlth   ++           E - ring of magical power
HPRegen 1.11/turn    (no ring)
MPRegen 0.26/turn

%: no passive effects
@: flying quickly and evasively, quick
A: beak, talons 3, nimble flight
a: Renounce Religion


You were on level 10 of the Dungeon.
You worshipped Vehumet.
Vehumet was most pleased with you.
You visited 3 branches of the dungeon, and saw 12 of its levels.

You collected 608 gold pieces.

Inventory:

Hand Weapons
 e - the +1 whip of Starshine (weapon) {drain, MP+9 Str+2 Int+3}
   (You found it on level 2 of the Dungeon)

   Str:       It affects your strength (+2).
   Int:       It affects your intelligence (+3).
   MP:        It affects your magic capacity (+9).
Missiles
 i - 6 throwing nets
Armour
 a - a +0 robe
 j - a +1 leather armour of willpower
 n - a +0 cloak (worn)
 w - a +2 leather armour of fire resistance
 H - a +0 troll leather armour (worn)
Magical Staves
 p - a staff of air
Jewellery
 E - a ring of magical power (left hand)
 G - an amulet of faith
Wands
 g - a wand of flame (34)
 l - a wand of light (5)
 v - a wand of polymorph (18)
 A - a wand of paralysis (8)
 D - a wand of mindburst (15)
Scrolls
 q - 2 scrolls of fog
 r - a scroll of torment
 s - a scroll of teleportation
 x - 3 scrolls of identify
 y - 2 scrolls of enchant armour
 B - 2 scrolls of vulnerability
Potions
 b - a potion of magic
 c - 3 potions of enlightenment
 d - 2 potions of lignification
 f - 2 potions of mutation
 h - 3 potions of berserk rage
 k - a potion of haste {unknown}
 m - 3 potions of attraction {unknown}
 o - a potion of resistance {unknown}
 t - 5 potions of curing {unknown}
 u - 2 potions of brilliance {unknown}
 z - 4 potions of invisibility {unknown}
 C - a potion of cancellation {unknown}
 F - a potion of ambrosia {unknown}
 I - a potion of heal wounds


   Skills:
 + Level 7.8 Fighting
 + Level 7.5 Armour
 + Level 7.9 Dodging
 - Level 2.0 Stealth
 + Level 5.4 Spellcasting
 + Level 10.1 Conjurations
 - Level 4.0 Summonings
 + Level 10.8 Air Magic


You had 9 spell levels left.
You knew the following spells:

 Your Spells              Type           Power      Damage    Failure   Level
a - Shock                 Conj/Air       100%       1d9       1%          1
b - Static Discharge      Conj/Air       100%       2-7/arc   1%          2
c - Airstrike             Air            26%        2d(4-20)  1%          4
d - Summon Lightning Spi  Summ/Air       38%        N/A       6%          4

Your spell library contained the following spells:

 Spells                   Type           Power      Damage    Failure   Level
 Inner Flame              Hex/Fire       5%         N/A       11%         3
 Kiss of Death            Conj/Necr      100%       2d13      1%          1
 Magic Dart               Conj           100%       1d8       1%          1
 Mephitic Cloud           Conj/Pois/Air  36%        N/A       1%          3
 Swiftness                Air            52%        N/A       1%          3
 Summon Small Mammal      Summ           92%        N/A       2%          1
 Call Imp                 Summ           46%        N/A       3%          2
 Sticky Flame             Conj/Fire      28%        2d5       4%          4
 Ignite Poison            Fire/Tmut/Pois 5%         N/A       11%         3
 Apportation              Tloc           10%        N/A       12%         1
 Necrotise                Necr           20%        1d5       12%         1
 Ensorcelled Hibernation  Hex/Ice        10%        N/A       19%         2
 Passwall                 Tmut/Erth      4%         N/A       19%         2
 Sublimation of Blood     Necr           5%         N/A       19%         2
 Wereblood                Tmut           5%         N/A       19%         2
 Confusing Touch          Hex            5%         N/A       36%         3
 Silence                  Hex/Air        14%        N/A       36%         5
 Dispel Undead            Necr           5%         3d7       77%         4
 Passage of Golubria      Tloc           5%         N/A       77%         4
 Petrify                  Tmut/Erth      5%         N/A       77%         4
 Metabolic Englaciation   Hex/Ice        2%         N/A       98%         5
 Statue Form              Tmut/Erth      3%         N/A       100%        6
 Summon Hydra             Summ           11%        N/A       100%        7
 Ignition                 Fire           2%         3d3       100%        8
 Lehudib's Crystal Spear  Conj/Erth      14%        10d5      100%        8


Dungeon Overview and Level Annotations

Branches:
Dungeon (10/15)            Temple (1/1) D:6            Lair (1/5) D:10
    Orc: D:9-12

Altars:
Ashenzari
Dithmenos
Elyvilon
Fedhas
Hepliaklqana
Kikubaaqudgha
Makhleb
Okawaru
Qazlal
Ru
Sif Muna
Trog
Uskayaw
Vehumet
Xom
Yredelemnul

Shops:
D:7 :=


Innate Abilities, Weirdness & Mutations

You have a beak for a mouth.
You have claws for feet.
Your magical nature lets you fly swiftly and evasively.


Message History

The cane toad is struck by an arc of lightning.
The cane toad is moderately wounded.
You are struck by an arc of lightning.
The cane toad is struck by an arc of lightning.
The cane toad is moderately wounded.
The lightning grounds out.
The yak is struck by an arc of lightning.
The yak is severely wounded.
You are struck by an arc of lightning.
The lightning grounds out.
The yak misses you. The cane toad barely misses you.
Casting: Static Discharge (safe; 1% risk of failure)
Confirm with . or Enter, or press ? or * to list all spells.
The cane toad is struck by an arc of lightning.
The cane toad is heavily wounded.
You are struck by an arc of lightning.
The lightning grounds out.
The yak is struck by an arc of lightning.
The yak is almost dead.
You are struck by an arc of lightning.
* * * LOW HITPOINT WARNING * * *
The lightning grounds out.
The yak gores you!
* * * LOW HITPOINT WARNING * * *
The cane toad completely misses you.
Casting: Static Discharge (safe; 1% risk of failure)
Confirm with . or Enter, or press ? or * to list all spells.
The cane toad is struck by an arc of lightning!
The cane toad is severely wounded.
You are struck by an arc of lightning.
* * * LOW HITPOINT WARNING * * *
The cane toad is struck by an arc of lightning.
The cane toad is severely wounded.
The lightning grounds out.
The yak is struck by an arc of lightning.
The yak is almost dead.
You are struck by an arc of lightning.
* * * LOW HITPOINT WARNING * * *
The yak is struck by an arc of lightning.
You kill the yak!
Vehumet accepts your kill.
You are struck by an arc of lightning.
You die...

#)...........# # #...##.......#
####### #...##.......####......
######.............####
###.....####...#...###
##.........###.##.#..).
##..P........##.#.......
###..P..F.......#.#...#..#
#.[......@................
#.#.................##....
#.##...........#.......))[
#.###.........##......[.[<
########.#####.....####.......###
..................#..........## #
###+###'###+###.....#...#..#.####
#..#.......#..#...##....##.....##
#..#.......#..#...##....#..[.....


You could see a cane toad.

Vanquished Creatures
  The ghost of monokles the Magician, a novice DsWn of Fedhas (D:5)
  A manticore (D:9)
  Maurice (D:8)
  A troll (D:10)
  A hornet (D:9)
  A wraith (D:10)
  2 wyverns (D:10)
  25 yaks
  Grum (D:10)
  3 vampire mosquitoes (D:7)
  3 water moccasins
  Duvessa (D:7)
  5 black bears
  2 ice beasts
  An ogre (D:3)
  2 centaurs
  4 wolves (D:10)
  2 phantoms
  2 kobold brigands
  A bullfrog (D:8)
  3 scorpions
  A gnoll sergeant (D:9)
  Dowan (D:7)
  9 wights (D:9)
  10 killer bees
  3 howler monkeys
  The ghost of twist the Changer, a weakling OpTm (D:3)
  2 orc priests (D:6)
  2 jellies
  A sleepcap (D:6)
  3 orc wizards
  Robin (D:3)
  22 gnolls
  7 adders
  2 ufetubi
  5 worms
  4 dart slugs
  20 orcs
  10 ball pythons
  6 endoplasms
  3 giant cockroaches
  15 goblins
  7 hobgoblins
  6 jackals
  3 quokkas
  5 bats
  7 frilled lizards
  17 kobolds
  5 rats
241 creatures vanquished.

Notes
Turn   | Place    | Note
-------+----------+-------------------------------------------
     0 | D:1      | Essalna the Tengu Air Elementalist began the quest for the
                  | Orb.
     0 | D:1      | Reached XP level 1. HP: 10/10 MP: 4/4
     6 | D:1      | Noticed a swamp worm
     7 | D:1      | Noticed a polar bear
     7 | D:1      | Noticed a rime drake
   166 | D:1      | Reached XP level 2. HP: 16/16 MP: 3/6
   414 | D:1      | Reached skill level 1 in Fighting
   839 | D:1      | Reached XP level 3. HP: 20/20 MP: 5/7
  1392 | D:2      | Identified the +1 whip of Starshine {drain, MP+9 Str+2
                  | Int+3}
  1526 | D:2      | Learned a level 2 spell: Static Discharge
  1600 | D:2      | Reached XP level 4. HP: 26/26 MP: 8/8
  1649 | D:2      | Reached skill level 5 in Air Magic
  1758 | D:2      | Gained mutation: Your magical nature lets you fly swiftly
                  | and evasively. [Tengu growth]
  1758 | D:2      | Reached XP level 5. HP: 24/31 MP: 9/9
  2155 | D:3      | Noticed an ogre
  2282 | D:3      | Noticed Robin
  2287 | D:3      | Killed Robin
  2555 | D:3      | Found a transporter.
  2564 | D:3      | Killed an ogre
  2565 | D:3      | Reached XP level 6. HP: 30/37 MP: 10/10
  2627 | D:3      | Found a transporter.
  2627 | D:3      | Noticed twist's ghost (weakling OpTm)
  2631 | D:3      | Noticed an ice beast
  2920 | D:3      | Found an iron altar of Okawaru.
  2980 | D:3      | Found a blossoming altar of Fedhas.
  3227 | D:4      | Found a white marble altar of Elyvilon.
  3733 | D:4      | Noticed a black bear
  3765 | D:4      | Killed a black bear
  3766 | D:4      | Reached skill level 1 in Armour
  3766 | D:4      | Reached skill level 5 in Conjurations
  3766 | D:4      | Reached XP level 7. HP: 27/42 MP: 8/11
  4011 | D:4      | Found a basalt altar of Yredelemnul.
  4194 | D:5      | Entered Level 5 of the Dungeon
  4688 | D:5      | Found a runed translucent door.
  4946 | D:5      | Reached XP level 8. HP: 19/48 MP: 11/12
  5332 | D:5      | Noticed monokles's ghost (novice DsWn)
  5495 | D:3      | Killed twist's ghost
  5733 | D:5      | Killed monokles's ghost
  5734 | D:5      | Reached skill level 5 in Fighting
  6218 | D:6      | Learned a level 4 spell: Airstrike
  6228 | D:6      | Reached skill level 5 in Dodging
  6228 | D:6      | Reached XP level 9. HP: 54/54 MP: 13/13
  6297 | D:6      | Found a staircase to the Ecumenical Temple.
  6330 | Temple   | Entered the Ecumenical Temple
  6381 | Temple   | Became a worshipper of Vehumet
  7263 | D:7      | Noticed Dowan
  7265 | D:7      | Noticed Duvessa
  7271 | D:7      | Killed Duvessa
  7273 | D:7      | Killed Dowan
  7346 | D:7      | Reached skill level 5 in Armour
  7583 | D:7      | Learned a level 4 spell: Summon Lightning Spire
  7656 | D:7      | Found Coal's Tiny Tomes.
  7822 | D:7      | Reached * piety under Vehumet
  7822 | D:7      | Offered knowledge of Kiss of Death by Vehumet.
  7952 | D:7      | Found Fuymascha's Jewellery Shoppe.
  7972 | D:7      | Reached skill level 1 in Summonings
  8108 | D:8      | Noticed Maurice
  8124 | D:8      | Killed Maurice
  8259 | D:8      | Identified the +3 rapier of the Antique God {heavy, Will+}
  8465 | D:8      | Found a hide-covered altar of Uskayaw.
  8556 | D:8      | Found a shimmering altar of Xom.
  8664 | D:8      | Reached XP level 10. HP: 60/60 MP: 16/16
  9374 | D:9      | Noticed a manticore
  9380 | D:9      | Killed a manticore
  9581 | D:9      | Reached ** piety under Vehumet
  9582 | D:9      | Offered knowledge of Foxfire by Vehumet.
  9872 | D:9      | Found a bloodstained altar of Trog.
 10774 | D:10     | Entered Level 10 of the Dungeon
 10779 | D:10     | Reached skill level 10 in Air Magic
 10982 | D:10     | Reached XP level 11. HP: 67/67 MP: 19/19
 11367 | D:10     | Offered knowledge of Inner Flame by Vehumet.
 11368 | D:10     | Reached skill level 5 in Spellcasting
 11368 | D:10     | Noticed Grum
 11727 | D:10     | Killed Grum
 11852 | D:10     | Reached *** piety under Vehumet
 11853 | D:10     | Reached skill level 10 in Conjurations
 11976 | D:10     | Found a staircase to the Lair.
 12113 | D:10     | Found a shadowy altar of Dithmenos.
 12193 | Lair:1   | Entered Level 1 of the Lair of Beasts
 12211 | D:10     | HP: 2/68 [/static electricity (5)]
 12211 | D:10     | Killed from afar by themself

Illustrated notes

Levels and vault maps discovered:
D:1:      onia_arrival_zoo_common, layout_loops_ring, hex_large
D:2:      layout_basic
D:3:      layout_rooms, mainiacjoe_overflow_concentric_impassable,
          mainiacjoe_overflow_six_doors_small, gammafunk_ghost_arena, uniq_robin
D:4:      layout_loops_ring, mainiacjoe_overflow_tiny_flanked,
          nicolae_elyvilon_temple_path, nrook_uturn
D:5:      layout_basic, ebering_ghost_inner_flame
D:6:      layout_basic, lemuel_temple_firewalk_b
D:7:      layout_rooms, serial_shops, nicolae_shop_hallway_plus,
          nicolae_shop_i_like_small_books_too, uniq_duvessa
D:8:      layout_cave_pods, lemuel_crystal_altar, nicolae_uskayaw_dance_hall,
          uniq_maurice
D:9:      layout_roguey, bloody_trog, nicolae_zen_rock_garden,
          nrook_pool_corridor
D:10:     layout_rooms, mainiacjoe_overflow_24_doors, david_lair_generic,
          kennysheep_generic_room_3, uniq_grum
Temple:   compressed_dpeg_circular_temple
Lair:1:   layout_big_grid

Skill      XL: |  1  2  3  4  5  6  7  8  9 10 11 |
---------------+----------------------------------+-----
Conjurations   | 2 3 4 5 7 8 9 10 | 10.1
Fighting       | 1 2 3 4 5 6 7 |  7.8
Air Magic      | 5 6 7 8 9 10 | 10.8
Armour         | 1 2 4 5 6 7 |  7.5
Dodging        | 3 5 6 7 |  7.9
Spellcasting   | 3 4 5 |  5.4
Summonings     | 2 4 |  4.0
Stealth        | |  2.0

Action                     |  1- 3 |  4- 6 |  7- 9 | 10-12 || total
---------------------------+-------+-------+-------+-------++-------
  Melee: Unarmed           |    16 |       |       |       ||    16
         Peck              |     3 |       |       |     5 ||     8
         Kick              |     1 |     1 |       |     5 ||     7
         Whip              |       |     3 |       |     9 ||    12
         Punch             |       |       |       |     1 ||     1
   Cast: Shock             |    81 |   143 |   157 |    85 ||   466
         Static Discharge  |       |     6 |    58 |    51 ||   115
         Airstrike         |       |       |     3 |    63 ||    66
    Use: Scroll            |     3 |     2 |    13 |     1 ||    19
         Potion            |       |       |     4 |       ||     4
 Armour: Robe              |    13 |     5 |     7 |     3 ||    28
         Troll leather arm |       |       |       |     2 ||     2
  Dodge: Dodged            |    19 |    28 |    58 |    77 ||   182

Table legend: (Time is in decaauts)
 A = Elapsed time spent in this place.
 B = Non-inter-level travel time spent in this place.
 C = Inter-level travel time spent in this place.
 D = Time resting spent in this place.
 E = Time spent auto-exploring this place.
 F = Levels seen in this place.
 G = Mean time per level.
                   A        B        C        D        E       F      G
               +--------+--------+--------+--------+--------+-----+--------+
         Total |  11640 |  11023 |    617 |    416 |   9277 |  12 |  970.0 |
       Dungeon |  11567 |  10961 |    606 |    416 |   9243 |  10 | 1156.7 |
        Temple |     59 |     48 |     11 |      0 |     34 |   1 |   59.0 |
          Lair |     13 |     13 |      0 |      0 |      0 |   1 |   13.0 |
               +--------+--------+--------+--------+--------+-----+--------+

Top non-repeatable levels by time:
     D:9: 2034 daAuts
     D:5: 1414 daAuts
     D:1: 1211 daAuts
     D:6: 1204 daAuts
     D:4: 1144 daAuts
     D:2: 1004 daAuts
     D:8: 1003 daAuts
     D:3: 881 daAuts
    D:10: 856 daAuts
     D:7: 812 daAuts
  Temple: 59 daAuts
  Lair:1: 13 daAuts
